 Dungeon Crawl Stone Soup version 0.31.0-11-ge490571c62 (webtiles) character file.

Game seed: 7046556884523535007

66 monsoonserge the Cudgeller (level 4, -3/24 (38) HPs)
             Began as a Gnoll Reaver on Jan 31, 2024.
             Slain by a gnoll bouda
             ... wielding a +0 club
              (6 damage)
             ... on level 4 of the Dungeon.
             The game lasted 00:02:43 (1047 turns).

monsoonserge the Cudgeller (Gnoll Reaver)           Turns: 1047, Time: 00:02:44

HP:   -3/24 (38)    AC:  3    Str: 12    XL:     4   Next: 15%
MP:   8/11          EV: 12    Int: 14    God:
Gold: 51            SH:  0    Dex: 10    Spells: 12/13 levels left

rFire   . . .        a - +0 mace
rCold   . . .        (no shield)
rNeg    . . .        b - +0 leather armour
rPois   .            (no helmet)
rElec   .            (no cloak)
rCorr   .            (no gloves)
SInv    .            (no boots)
Will    .....        (no amulet)
Stlth   +            (no ring)
HPRegen 0.24/turn    (no ring)
MPRegen 0.12/turn

%: no passive effects
@: hasted, very heavily drained, very quick
A: fangs 1, strong nose, distributed training
a: no special abilities


You were on level 4 of the Dungeon.
You visited 1 branch of the dungeon, and saw 3 of its levels.

You collected 51 gold pieces.

Inventory:

Hand Weapons
 a - a +0 mace (weapon)
Missiles
 k - 2 boomerangs
Armour
 b - a +0 leather armour (worn)
Magical Staves
 m - a staff of conjuration
Jewellery
 j - a ring of protection from cold
Scrolls
 c - a scroll of vulnerability {unknown}
 e - a scroll of identify {unknown}
 f - 2 scrolls of immolation {unknown}
 g - a scroll of fog {unknown}
 n - a scroll of teleportation {unknown}
Potions
 d - a potion of heal wounds {unknown}
 h - 2 potions of haste
 i - a potion of lignification {unknown}
 l - 3 potions of curing {unknown}


   Skills:
 + Level 4.6 Fighting
 + Level 1.1 Short Blades
 + Level 1.1 Long Blades
 + Level 1.1 Axes
 + Level 6.6 Maces & Flails
 + Level 1.1 Polearms
 + Level 1.1 Staves
 + Level 1.1 Ranged Weapons
 + Level 1.1 Throwing
 + Level 1.1 Armour
 + Level 4.6 Dodging
 + Level 1.1 Stealth
 + Level 1.1 Shields
 + Level 1.1 Unarmed Combat
 + Level 5.0 Spellcasting
 + Level 5.4 Conjurations
 + Level 0.8 Hexes
 + Level 0.8 Summonings
 + Level 0.8 Necromancy
 + Level 0.8 Translocations
 + Level 0.8 Fire Magic
 + Level 0.8 Ice Magic
 + Level 0.8 Air Magic
 + Level 0.8 Earth Magic
 + Level 0.8 Alchemy
 + Level 1.2 Invocations
 + Level 1.1 Evocations
 + Level 1.0 Shapeshifting


You had 12 spell levels left.
You knew the following spells:

 Your Spells              Type           Power      Damage    Failure   Level
a - Kiss of Death         Conj/Necr      48%        2d9       6%          1

Your spell library contained the following spells:

 Spells                   Type           Power      Damage    Failure   Level
 Momentum Strike          Conj/Tloc      24%        3d8       9%          2
 Hailstorm                Conj/Ice       12%        3d6       19%         3


Dungeon Overview and Level Annotations

Branches:
Dungeon (2/15)

Altars:

Shops:
D:1 *?:

Annotations:
D:4 Edmund


Innate Abilities, Weirdness & Mutations

You have very sharp teeth.
Your uncanny sense of smell can sniff out nearby items.
Your experience applies equally to all skills.


Message History

Your Unarmed Combat skill increases to level 1!
Your Invocations skill increases to level 1!
Your Evocations skill increases to level 1!
There is an open door here.
You close the door.
You hear a distant slurping noise.
A dart slug comes into view.
Unknown command.
The dart slug launches a dart at you. The slug dart hits you.
* * * LOW HITPOINT WARNING * * *
The gnoll hits you from afar with a +0 spear.
* * * LOW HITPOINT WARNING * * *
The gnoll misses you.
Casting: Kiss of Death (safe; 6% risk of failure)
Confirm with . or Enter, or press ? or * to list all spells.
Aiming: Kiss of Death (safe; 6% risk of failure)
Press: ? - help, Shift-Dir - straight line, f - gnoll
Aim: a gnoll, wielding a +0 spear (covering ground quickly, 100% to hit)
The negative energy hits the gnoll!
The gnoll is drained!
The gnoll is severely wounded.
You feel drained.
You hit the gnoll.
The gnoll is severely wounded.
The gnoll barely misses you.
The gnoll bouda barks out a call to the hunt!
Casting: Kiss of Death (safe; 6% risk of failure)
Confirm with . or Enter, or press ? or * to list all spells.
Aiming: Kiss of Death (safe; 6% risk of failure)
Press: ? - help, Shift-Dir - straight line, f/p - gnoll
Aim: a gnoll, wielding a +0 spear (severely wounded, covering ground quickly, heavily drained, 100% to hit)
The negative energy hits the gnoll!
The gnoll is drained!
You kill the gnoll!
You feel drained.
Your Shapeshifting skill increases to level 1!
You have reached level 4!
You feel stronger.
You see here a +0 spear.
The gnoll bouda hits you with a +0 club.
You die...

#.g..##.####.#
#.......####∆ #.
#..........# #.#
#..........#
#..######.†.......#
#......##.........#
#......g.....######
#....>g###...#
#......@.+...+
#....#)###...#
######.# #...# #.#
#...# #.# #...# #.#
##### ######.#
#w...w.# ########


You could see a gnoll bouda and a dart slug.

Vanquished Creatures
  A hound (D:4)
  A gnoll (D:4)
  2 dart slugs
  A ribbon worm (D:2)
  3 endoplasms
  A giant cockroach (D:1)
  2 goblins (D:1)
  2 hobgoblins
  A kobold (D:2)
  2 ball pythons (D:1)
  A bat (D:1)
  5 frilled lizards
  2 rats (D:1)
24 creatures vanquished.

Notes
Turn   | Place    | Note
-------+----------+-------------------------------------------
     0 | D:1      | monsoonserge the Gnoll Reaver began the quest for the Orb.
     0 | D:1      | Reached XP level 1. HP: 20/20 MP: 6/6
   133 | D:1      | Found Uro Efem's Book Emporium.
   255 | D:1      | Reached XP level 2. HP: 26/26 MP: 7/7
   266 | D:1      | Found Bampiuf's Assorted Antiques.
   452 | D:1      | Found Lopn's Magic Scroll Shoppe.
   908 | D:2      | Reached skill level 5 in Spellcasting
   908 | D:2      | Reached XP level 3. HP: 23/29 MP: 7/9
   965 | D:2      | You fall into a shaft and drop 2 floors!
   996 | D:4      | Noticed Edmund
  1025 | D:4      | Reached skill level 1 in Short Blades
  1025 | D:4      | Reached skill level 1 in Long Blades
  1025 | D:4      | Reached skill level 1 in Axes
  1025 | D:4      | Reached skill level 1 in Polearms
  1025 | D:4      | Reached skill level 1 in Staves
  1025 | D:4      | Reached skill level 1 in Ranged Weapons
  1025 | D:4      | Reached skill level 1 in Throwing
  1025 | D:4      | Reached skill level 1 in Armour
  1025 | D:4      | Reached skill level 1 in Stealth
  1025 | D:4      | Reached skill level 1 in Shields
  1025 | D:4      | Reached skill level 1 in Unarmed Combat
  1025 | D:4      | Reached skill level 1 in Invocations
  1025 | D:4      | Reached skill level 1 in Evocations
  1041 | D:4      | HP: 1/24 [gnoll/+0 spear[a gnoll bouda] (3)]
  1046 | D:4      | Reached skill level 1 in Shapeshifting
  1046 | D:4      | Reached XP level 4. HP: 2/24 MP: 8/11
  1047 | D:4      | Slain by a gnoll bouda

Illustrated notes

Levels and vault maps discovered:
D:1:      elethiomel_arrival_shortcut, layout_basic, serial_shops,
          nicolae_shop_pleasant_corner_grove, nicolae_shop_tiny_real_fake_doors,
          shop, nicolae_concentric_dashed_squares_mild
D:2:      minmay_roachtagon, layout_basic
D:4:      layout_basic, ebering_ghost_disaster_area, chequers_avenue,
          kennysheep_flooded_box, uniq_edmund

Skill      XL: |  1  2  3 |
---------------+----------+-----
Spellcasting   | 5 |  5.0
Short Blades   | 1 |  1.1
Long Blades    | 1 |  1.1
Axes           | 1 |  1.1
Polearms       | 1 |  1.1
Staves         | 1 |  1.1
Ranged Weapons | 1 |  1.1
Throwing       | 1 |  1.1
Armour         | 1 |  1.1
Stealth        | 1 |  1.1
Shields        | 1 |  1.1
Unarmed Combat | 1 |  1.1
Invocations    | 1 |  1.2
Evocations     | 1 |  1.1
Shapeshifting  | 1 |  1.0
Fighting       | |  4.6
Maces & Flails | |  6.6
Dodging        | |  4.6
Conjurations   | |  5.4
Hexes          | |  0.8
Summonings     | |  0.8
Necromancy     | |  0.8
Translocations | |  0.8
Fire Magic     | |  0.8
Ice Magic      | |  0.8
Air Magic      | |  0.8
Earth Magic    | |  0.8
Alchemy        | |  0.8

Action                     |  1- 3 |  4- 6 || total
---------------------------+-------+-------++-------
  Melee: Mace              |    76 |       ||    76
         Bite              |     7 |       ||     7
   Cast: Kiss of Death     |     5 |       ||     5
    Use: Potion            |     1 |       ||     1
   Stab: Sleeping          |     1 |       ||     1
 Armour: Leather armour    |    45 |     1 ||    46
  Dodge: Dodged            |    38 |       ||    38
